 Dungeon Crawl Stone Soup version 0.29-a0-82-g837932c90e (webtiles) character file.

Game seed: 13811687301086231615

28 lordive the Grasshopper (level 3, -1/36 HPs)
             Began as an Ogre Warper on Feb 5, 2022.
             Slain by Sigmund (9 damage)
             ... on level 2 of the Dungeon.
             The game lasted 00:01:10 (1208 turns).

lordive the Grasshopper (Ogre Warper)               Turns: 1208, Time: 00:01:11

Health: -1/36      AC:  3    Str: 15    XL:     3   Next: 12%
Magic:  7/7        EV: 10    Int: 16    God:
Gold:   112        SH:  0    Dex:  8    Spells: 7/7 levels left

rFire   . . .      SeeInvis .   a - +0 mace
rCold   . . .      Faith    .   (no shield)
rNeg    . . .      Spirit   .   b - +0 robe
rPois   .          Reflect  .   (helmet restricted)
rElec   .          Harm     .   (no cloak)
rCorr   .          Rampage  .   (gloves unavailable)
Will    .....                   (boots unavailable)
Stlth   +.........              (no amulet)
HPRegen 0.12/turn               (no ring)
MPRegen 0.10/turn               (no ring)

@: no status effects
A: large, unfitting armour, tough skin 1
a: no special abilities


You were on level 2 of the Dungeon.
You visited 1 branch of the dungeon, and saw 2 of its levels.

You collected 112 gold pieces.

Inventory:

Hand Weapons
 a - a +0 mace (weapon)
Missiles
 d - 5 boomerangs of dispersal (quivered)
 f - 5 silver boomerangs
Armour
 b - a +0 robe (worn)
Scrolls
 c - a scroll of blinking
 e - 3 scrolls of teleportation {unknown}
 g - a scroll of holy word {unknown}
 h - a scroll of summoning {unknown}
 i - a scroll of amnesia {unknown}
 j - a scroll of immolation {unknown}


   Skills:
 + Level 2.8 Fighting
 + Level 2.3 Maces & Flails
 - Level 1.0 Throwing
 + Level 2.3 Dodging
 + Level 2.7 Spellcasting
 * Level 3.1 Translocations


You had 7 spell levels left.
You didn't know any spells.
Your spell library contained the following spells:

 Spells                   Type           Power      Damage    Failure   Level
 Blink                    Tloc           24%        N/A       9%          2
 Gell's Gravitas          Tloc           12%        N/A       16%         3
 Lesser Beckoning         Tloc           12%        N/A       16%         3
 Teleport Other           Tloc           12%        N/A       16%         3
 Manifold Assault         Tloc           12%        N/A       83%         5


Dungeon Overview and Level Annotations

Branches:
Dungeon (2/15)

Altars:

Shops:
D:1 [

Annotations:
D:2 Sigmund


Innate Abilities, Weirdness & Mutations

You are too large for most types of armour.
You have tough skin. (AC +1)


Message History

You are too confused!
You are too confused!
You are too confused!
You are too confused!
You are too confused!
Unknown command.
You're too confused to move!
Sigmund says, "I'm your fate." Sigmund closely misses you.
Sigmund closely misses you.
You bump into the rock wall.
You bump into the rock wall.
Sigmund misses you.
You bump into the rock wall.
Sigmund hits you from afar with a +0 scythe.
You bump into the rock wall.
You feel less confused. Sigmund hits you with a +0 scythe.
You thump Sigmund!
Sigmund is moderately wounded.
Sigmund closely misses you.
You closely miss Sigmund.
Sigmund is moderately wounded.
Sigmund casts a spell at you. The puff of flame hits you!
You hit Sigmund.
Sigmund is moderately wounded.
Sigmund barely misses you.
You hit Sigmund but do no damage.
Sigmund is moderately wounded.
Sigmund casts a spell at you. The magic dart hits you.
* * * LOW HITPOINT WARNING * * *
You barely miss Sigmund.
Sigmund is moderately wounded.
Sigmund barely misses you.
You aren't carrying any potions.
You sock Sigmund!
Sigmund is severely wounded.
Sigmund hits you with a +0 scythe!
You die...

.........#
#.#.#.#.#..#.#
###.####.#
#.#.##...#.#.# ###.# .#
#.#.###.##.#.# ..#.. ..
.........#.# #...##
#.###.####.# ###.# #.#
#.# #.# # ># #.# #.# #.#
#@# #.# #.# #@# #.#
##.## # #.# #.# #...##
#.##.# #.###....#####
###....###.##.........#
#..............##...†...
>..########.......#.†..#
.. ...........###...#..#
########.### ##.##..#
#.#### #.##...


You could see Sigmund.

Vanquished Creatures
  3 endoplasms
  A giant cockroach (D:1)
  A goblin (D:1)
  3 hobgoblins
  5 jackals
  A quokka (D:2)
  2 bats (D:1)
  3 frilled lizards (D:1)
  2 kobolds (D:1)
  4 rats
25 creatures vanquished.

Notes
Turn   | Place    | Note
-------+----------+-------------------------------------------
     0 | D:1      | lordive the Ogre Warper began the quest for the Orb.
     0 | D:1      | Reached XP level 1. HP: 22/22 MP: 3/3
   301 | D:1      | Reached XP level 2. HP: 29/29 MP: 3/5
   434 | D:1      | Found Unovvul's Armour Shop.
   570 | D:1      | Reached skill level 3 in Translocations
   732 | D:1      | Found a faded altar of an unknown god.
  1118 | D:2      | Reached XP level 3. HP: 35/36 MP: 7/7
  1187 | D:2      | Noticed Sigmund
  1208 | D:2      | Slain by Sigmund

Illustrated notes

Levels and vault maps discovered:
D:1:      scummos_arrival_gate, layout_basic, serial_shops, shop,
          hellmonk_ecumenical_altar_leap_of_faith
D:2:      layout_loops_ring, uniq_sigmund

Skill      XL: |  1  2 |
---------------+-------+-----
Maces & Flails | 2 |  2.3
Translocations | 3 |  3.1
Fighting       | |  2.8
Throwing       | |  1.0
Dodging        | |  2.3
Spellcasting   | |  2.7

Action                   || total
-------------------------++-------
Melee: Mace              ||    63
       Punch             ||     1
 Stab: Sleeping          ||     1
Armor: Robe              ||    26
Dodge: Dodged            ||    33

Table legend: (Time is in decaauts)
 A = Elapsed time spent in this place.
 B = Non-inter-level travel time spent in this place.
 C = Inter-level travel time spent in this place.
 D = Time resting spent in this place.
 E = Time spent auto-exploring this place.
 F = Levels seen in this place.
 G = Mean time per level.
                   A        B        C        D        E       F      G
               +--------+--------+--------+--------+--------+-----+--------+
         Total |   1225 |   1213 |     12 |      0 |   1046 |   2 |  612.5 |
       Dungeon |   1225 |   1213 |     12 |      0 |   1046 |   2 |  612.5 |
               +--------+--------+--------+--------+--------+-----+--------+

Top non-repeatable levels by time:
     D:1: 793 daAuts
     D:2: 431 daAuts
